 Dungeon Crawl Stone Soup version 0.31-a0-426-g3a05650e59 (webtiles) character file.

Game seed: 14421311135141984574

2630 Jase the Grappler (level 9, 0/73 HPs)
             Began as a Black Draconian Shapeshifter on July 31, 2023.
             Was a Follower of Wu Jian.
             Slain by a vampire
             ... wielding a +2 vampiric halberd
              (10 damage)
             ... in a bailey.
             The game lasted 00:24:36 (6841 turns).

Jase the Grappler (Black Draconian Shapeshifter)    Turns: 6841, Time: 00:24:37

Health: 0/73       AC:  7    Str: 17    XL:     9   Next: 35%
Magic:  0/9        EV: 14    Int:  9    God:    Wu Jian [*.....]
Gold:   207        SH:  0    Dex: 16    Spells: 8/8 levels left

rFire   . .          .
                       - Unarmed
rCold   . . .        (no shield)
rNeg    + . .        (body armour unavailable)
rPois   .            (helmet currently unavailable)
rElec   +            (cloak currently unavailable)
rCorr   .            (gloves currently unavailable)
SInv    .            (boots currently unavailable)
Will    .....        g - amulet of guardian spirit
Stlth   +            B - ring of positive energy
HPRegen 0.32/turn    (no ring)
MPRegen 0.11/turn

%: guardian spirit
@: beast-form
A: beast (slay +5), breathe lightning, AC +7, unfitting armour, electricity
resistance, cold-blooded
a: Breathe Lightning, Begin Untransformation, Renounce Religion


You were in a bailey.
You worshipped Wu Jian.
Wu Jian was aware of your devotion.
You were a hulking beast.
You visited 1 branch of the dungeon, and saw 7 of its levels.
You also visited: Bailey.

You collected 311 gold pieces.
You spent 104 gold pieces at shops.

Inventory:

Armour
 k - a +0 pair of boots
 l - a +2 cloak
Jewellery
 g - an amulet of guardian spirit (around neck)
 i - a ring of fire
 B - a ring of positive energy (left hand)
Talismans
 b - a beast talisman (active)
 m - a maw talisman
 q - a serpent talisman
Wands
 j - a wand of paralysis (5)
Scrolls
 c - a scroll of fear
 d - a scroll of poison {unknown}
 f - 2 scrolls of vulnerability
 h - 2 scrolls of teleportation
 p - a scroll of butterflies
 s - 3 scrolls of fog
 t - 2 scrolls of amnesia
 v - a scroll of immolation
 y - a scroll of enchant armour
Potions
 a - a potion of lignification
 e - 6 potions of enlightenment
 n - a potion of curing
 o - a potion of heal wounds
 r - a potion of haste
 u - a potion of mutation
 w - a potion of cancellation {unknown}
 x - a potion of magic {unknown}
 z - a potion of ambrosia


   Skills:
 + Level 4.9 Fighting
 + Level 4.3 Dodging
 * Level 8.5 Unarmed Combat
 * Level 7.3 Shapeshifting


You had 8 spell levels left.
You didn't know any spells.
Your spell library contained the following spells:

 Spells                   Type           Power      Damage    Failure   Level
 Slow                     Hex            0%         N/A       38%         1
 Cigotuvi's Dreadful Rot  Necr/Pois/Air  0%         N/A       52%         2
 Dispel Undead            Necr           0%         3d6       99%         4
 Death Channel            Necr           0%         N/A       100%        6


Dungeon Overview and Level Annotations

Branches:
Dungeon (7/15)             Bailey (1/1)
 Temple: D:4-7

Altars:
Sif Muna
Trog
Wu Jian

Shops:
D:3 !


Innate Abilities, Weirdness & Mutations

You are a hulking beast.
Your limbs bulge with bestial killing power. (Slay +5)
You can breathe wild blasts of lightning.
Your glossy black scales are hard. (AC +7)
You cannot fit into any form of body armour.
You are resistant to electric shocks. (rElec)
You are cold-blooded and may be slowed by cold attacks.


Message History

Found a bubbling orange potion.
There is a large open door here.
You start waiting.
A vampire is nearby!
The vampire hits you from afar with a +2 vampiric halberd.
You lunge at the vampire.
You hit the vampire.
The vampire is lightly damaged.
The vampire misses you. x2
You barely miss the vampire.
You tail-slap the vampire, but do no damage.
The vampire is lightly damaged.
The vampire mumbles some strange words.
The vampire flickers and vanishes!
Deactivating autopickup; reactivate with Ctrl-A.
You hit something but do no damage. You hit something but do no damage.
Something hits you! Something bites you but does no damage.
You hit something. You tail-slap something. Something hits you!
Something bites you but does no damage.
You hit something. Something barely misses you.
Something bites you but does no damage.
You hit something. You tail-slap something. Something hits you!!
Something bites you.
* * * LOW HITPOINT WARNING * * *
Something draws strength from your injuries!
You barely miss something. Something barely misses you.
Something bites you but does no damage.
You barely miss something. You punch something.
You feel much better. Something draws life force from you!
You miss something. You tail-slap something. Something hits you!
Something bites you!
* * * LOW HITPOINT WARNING * * *
Something draws strength from your injuries!
You punch something!
You hear some strange, mumbled words.
Something tries to affect you, but you resist.
You barely miss something. You tail-slap something. Something hits you!
* * * LOW HITPOINT WARNING * * *
Something bites you!
You die...

#..#...)..######......
#.)#...##......)..♣...
#..#....##....))......
#..##....#......♣.....
#...##...##...........
#8......##...♣♣.......
######....##...........)#
##8...##...#........♣♣....
#[.V...##h.#.........♣....
#.!.##...#{.#............)#
# ##..'..#..............
#..'..#.......##'#...
#...#..#8..#####..#...
....##.8#####.÷)').####
#8...###### #..÷#### #####
#.÷÷# #####


There were no monsters in sight!

Vanquished Creatures
  A gargoyle (Bailey)
  A water moccasin (D:6)
  Duvessa (D:4)
  An orc warrior (D:6)
  An ice beast (D:5)
  2 centaurs
  2 bullfrogs
  2 scorpions
  Dowan (D:4)
  6 vampire bats (Bailey)
  3 howler monkeys (D:7)
  5 wolf zombies (Bailey)
  2 jellies
  4 orc priests
  2 gnoll boudas
  5 sleepcaps
  3 iguanas
  Natasha (thrice) (D:4)
  3 orc wizards
  10 adders
  10 gnolls
  A white imp (D:3)
  An ufetubus (D:7)
  A worm (D:5)
  4 dart slugs
  7 orcs
  6 ball pythons
  3 bats
  7 endoplasms
  A giant cockroach (D:1)
  5 hobgoblins
  7 jackals
  4 quokkas
  5 frilled lizards
  7 goblins
  5 kobolds
  21 orc zombies (Bailey)
  5 rats
158 creatures vanquished.

Notes
Turn   | Place    | Note
-------+----------+-------------------------------------------
     0 | D:1      | Jase the Draconian Shapeshifter began the quest for the
                  | Orb.
     0 | D:1      | Reached XP level 1. HP: 16/16 MP: 1/1
   253 | D:1      | Reached XP level 2. HP: 23/23 MP: 2/2
   523 | D:1      | Reached XP level 3. HP: 28/28 MP: 3/3
   982 | D:2      | Reached skill level 4 in Unarmed Combat
  1064 | D:2      | You fall into a shaft and drop 1 floor!
  1100 | D:3      | Reached XP level 4. HP: 35/35 MP: 4/4
  1388 | D:3      | Found a bloodstained altar of Trog.
  1499 | D:3      | Found a shimmering blue altar of Sif Muna.
  1503 | D:3      | Got Sif Muna's Quarto of Bewitchment
  1549 | D:3      | Found Qoasec's Distillery.
  1554 | D:3      | Bought a potion of curing for 39 gold pieces
  1554 | D:3      | Bought a potion of enlightenment for 65 gold pieces
  2187 | D:4      | Reached XP level 5. HP: 40/40 MP: 5/5
  2224 | D:4      | Noticed Natasha
  2230 | D:4      | Killed Natasha
  2597 | D:4      | Noticed Natasha
  2602 | D:4      | Killed Natasha
  2603 | D:4      | Reached skill level 5 in Unarmed Combat
  2633 | D:4      | Noticed Duvessa
  2635 | D:4      | Noticed Dowan
  2697 | D:5      | Entered Level 5 of the Dungeon
  2811 | D:5      | Reached XP level 6. HP: 29/47 MP: 2/6
  3403 | D:5      | Reached skill level 5 in Shapeshifting
  3417 | D:5      | Your scales start taking on a glossy black colour.
  3417 | D:5      | Reached XP level 7. HP: 23/53 MP: 2/7
  3417 | D:5      | Gained mutation: You are resistant to electric shocks.
                  | (rElec) [Black Draconian growth]
  3582 | D:5      | Reached skill level 6 in Unarmed Combat
  4423 | D:4      | Killed Dowan
  4441 | D:4      | Killed Duvessa
  4471 | D:4      | Noticed Natasha
  4476 | D:4      | Killed Natasha
  4477 | D:4      | Reached XP level 8. HP: 30/63 MP: 4/8
  5153 | D:6      | Reached skill level 7 in Unarmed Combat
  5253 | D:6      | Found an ornate altar of the Wu Jian Council.
  5258 | D:6      | Became a worshipper of the Wu Jian Council
  6008 | D:7      | Found a flagged portal.
  6029 | Bailey   | Entered a bailey
  6221 | Bailey   | Reached XP level 9. HP: 15/71 MP: 3/9
  6420 | Bailey   | Reached skill level 8 in Unarmed Combat
  6504 | Bailey   | Reached * piety under Wu Jian
  6688 | Bailey   | Noticed a gargoyle
  6694 | Bailey   | Killed a gargoyle
  6841 | Bailey   | Slain by a vampire

Illustrated notes

Levels and vault maps discovered:
D:1:      dpeg_arrival_snail, layout_loops_ring, serial_bayou_pond_c,
          minivault_19, minmay_pentomino_t4
D:2:      layout_rooms, dk_noncrumbling_4
D:3:      layout_basic, nzn_overflow_gifts_of_might_and_magic, serial_shops,
          nicolae_shop_stone
D:4:      layout_gridville, uniq_natasha, uniq_duvessa
D:5:      layout_basic
D:6:      minmay_evil_eye, layout_gridville, nzn_wu_jian_contemplation,
          chequers_serial_rivers_room_b, kennysheep_generic_room_13
D:7:      layout_cave_pods, minmay_temple_entry_proselytizer, enter_bailey_6
Bailey:   bailey_polearm_vampire_castle_hellmonk, bailey

Skill      XL: |  1  2  3  4  5  6  7  8  9 |
---------------+----------------------------+-----
Unarmed Combat | 4 5 6 7 8 |  8.5
Shapeshifting  | 4 5 6 7 |  7.3
Dodging        | 2 3 4 |  4.3
Fighting       | 3 4 |  4.9

Action                     |  1- 3 |  4- 6 |  7- 9 || total
---------------------------+-------+-------+-------++-------
  Melee: Unarmed           |    95 |   162 |   260 ||   517
         Tailslap          |     8 |    18 |    48 ||    74
         Punch             |     1 |     4 |    19 ||    24
Ability: Breathe Lightning |       |       |     7 ||     7
         Lunge             |       |       |    23 ||    23
    Use: Scroll            |       |    11 |     5 ||    16
         Potion            |       |     2 |     2 ||     4
   Stab: Sleeping          |     2 |       |     2 ||     4
 Armour: Skin              |    26 |    44 |    56 ||   126
  Dodge: Dodged            |    45 |    69 |   135 ||   249

Table legend: (Time is in decaauts)
 A = Elapsed time spent in this place.
 B = Non-inter-level travel time spent in this place.
 C = Inter-level travel time spent in this place.
 D = Time resting spent in this place.
 E = Time spent auto-exploring this place.
 F = Levels seen in this place.
 G = Mean time per level.
                   A        B        C        D        E       F      G
               +--------+--------+--------+--------+--------+-----+--------+
         Total |   6817 |   6526 |    291 |   1763 |   3248 |   8 |  852.1 |
       Dungeon |   6019 |   5728 |    291 |   1338 |   3170 |   7 |  859.9 |
        Bailey |    797 |    797 |      0 |    425 |     78 |   1 |  797.0 |
               +--------+--------+--------+--------+--------+-----+--------+

Top non-repeatable levels by time:
     D:4: 1472 daAuts
     D:5: 1325 daAuts
     D:6: 1249 daAuts
     D:1: 862 daAuts
     D:3: 841 daAuts
  Bailey: 797 daAuts
     D:2: 206 daAuts
     D:7: 61 daAuts
